 Dungeon Crawl Stone Soup version 0.32-a0-913-g739538afd8 (webtiles) character file.

Game seed: 16472098441629987087

20818 snarfax the Grappler (level 12, -8/122 HPs)
             Began as a Troll Berserker on Apr 9, 2024.
             Was a High Priest of Trog.
             Killed from afar by Frances (17 damage)
             ... with a shard of ice
             ... on level 13 of the Dungeon.
             The game lasted 00:31:09 (9428 turns).

snarfax the Grappler (Troll Berserker)              Turns: 9428, Time: 00:31:12

Health: -8/122     AC: 11    Str: 30    XL:     12   Next: 48%
Magic:  11/11      EV: 14    Int:  5    God:    Trog [*****.]
Gold:   595        SH:  5    Dex: 15    Spells: 11/11 levels left

rFire   x .          .
                       - Unarmed
rCold   + . .        (no shield)
rNeg    . . .        I - +0 steam dragon scales
rPois   .            O - +2 hat {Stlth+}
rElec   .            w - +1 cloak
rCorr   .            (gloves unavailable)
SInv    .            (boots unavailable)
Will    ++...        b - amulet of reflection
Stlth   ++           G - +6 ring of dexterity
HPRegen 2.20/turn    d - ring of ice
MPRegen 0.12/turn

%: reflection
@: strong-willed, regenerating
A: large, unfitting armour, claws 3, regeneration 1, shaggy fur 1, tough skin 1
a: Renounce Religion, Berserk, Trog's Hand, Brothers in Arms


You were on level 13 of the Dungeon.
You worshipped Trog.
Trog was extremely pleased with you.
You visited 1 branch of the dungeon, and saw 13 of its levels.
You also visited: Ice Cave.

You collected 595 gold pieces.

Inventory:

Hand Weapons
 c - a +2 war axe of distortion
 K - a +1 morningstar of flaming
Missiles
 h - 3 darts of dispersal
 u - 25 poisoned darts
 B - 2 throwing nets
 N - 6 large rocks (quivered)
Armour
 w - a +1 cloak (worn)
 I - +0 steam dragon scales (worn)
 O - a +2 hat of stealth (worn)
Jewellery
 b - an amulet of reflection (around neck)
 d - a ring of ice (right claw)
 m - an amulet of faith
 r - a +6 ring of strength
 s - a ring of positive energy
 C - a +6 ring of dexterity
 G - a +6 ring of dexterity (left claw)
 M - a +6 ring of intelligence
Wands
 n - a wand of polymorph (14)
 x - a wand of warping (15)
 J - a wand of flame (14)
Scrolls
 a - a scroll of fear
 g - a scroll of brand weapon {unknown}
 i - 2 scrolls of poison
 j - a scroll of torment
 o - 2 scrolls of vulnerability
 y - a scroll of enchant weapon
 A - a scroll of blinking
 H - 4 scrolls of teleportation
 L - 2 scrolls of immolation
Potions
 e - 3 potions of enlightenment
 f - 2 potions of haste
 k - a potion of cancellation {unknown}
 l - 2 potions of curing
 p - a potion of invisibility {unknown}
 q - a potion of mutation {unknown}
 t - a potion of magic {unknown}
 z - 3 potions of attraction
 D - a potion of lignification {unknown}
 E - 2 potions of heal wounds {unknown}
 F - 2 potions of brilliance


   Skills:
 + Level 8.6 Fighting
 + Level 2.9 Throwing
 * Level 11.1 Dodging
 + Level 13.5 Unarmed Combat


You had 11 spell levels left.
You didn't know any spells.
Your spell library was empty.

Dungeon Overview and Level Annotations

Branches:
Dungeon (13/15)            Temple (0/1) D:7            Lair (0/5) D:11
    Orc (0/2) D:10          IceCv (visited)
 Vaults: D:13-14

Altars:
Cheibriados
Dithmenos
Fedhas
Kikubaaqudgha
Okawaru
Ru
Vehumet
Wu Jian
Zin
Beogh

Annotations:
D:13 Frances


Innate Abilities, Weirdness & Mutations

You are too large for most types of armour.
You have claws for hands.
Your natural rate of healing is unusually fast.
You are covered in fur. (AC +1)
You have tough skin. (AC +1)


Message History

Frances is lightly wounded.
Frances whispers indecipherable words.
The iron shot misses you.
Throw: 7 large rocks
Press: ? - help, Q - select action, (/) - cycle Shift-Dir - straight line, f/p - Frances
Aim: Frances, wielding a +1 long sword of protection and wearing a +0 scale mail (lightly wounded, fast, 65% to hit)
You throw a large rock. The large rock hits Frances!
Frances is moderately wounded.
Frances chants phrases taken from a devil's mouth.
The shard of ice hits you!! You partially resist.
The death knight offers itself to Yredelemnul, and fills with unholy energy.
Your skin crawls.
You feel strong-willed. Frances hits you but does no damage.
You claw Frances!
Frances is moderately wounded.
Frances hits you with a +1 long sword of protection!
You scratch Frances but do no damage.
Frances is moderately wounded.
You block Frances's attack.
You mangle Frances!!
Frances is heavily wounded.
Frances barely misses you.
You claw Frances!
Frances is heavily wounded.
Frances hits you but does no damage.
You barely miss Frances.
Frances is heavily wounded.
Frances hits you with a +1 long sword of protection!
You scratch Frances.
Frances is heavily wounded.
Frances hits you with a +1 long sword of protection!!
You mangle Frances!!
Frances is severely wounded.
Frances screams a word of power!
The iron shot hits you!!!
* * * LOW HITPOINT WARNING * * *
Frances screams a word of power!
The shard of ice hits you! You partially resist.
You die...

#...# ..# #...#
#..# #(# #...#
#..# #.# ##<..#
#..# #(# .....#
#..# #(# .....#
#..# #3# .....#
#..# #p# ##...#
#..# #@#
#.).###..# #@#
#........# #.#
#........# #.#
#...####.######.#
#...# #........#
#..)# #........#
#...# #.#####..#
#...# #.# #..#
#...# #.# #..#


You could see Frances (fast), a death knight (reflects damage) and a smoke demon
(summoned).

Vanquished Creatures
  Gastronok (D:11)
  A centaur warrior (D:11)
  3 two-headed ogres
  4 skeletal warriors (D:11)
  An ugly thing (D:12)
  A manticore (D:11)
  A cyclops (D:11)
  Joseph (D:8)
  A gargoyle (D:12)
  Maggie (D:9)
  A freezing wraith (IceCv)
  2 komodo dragons (D:11)
  A kobold demonologist (D:11)
  An efreet (D:13)
  2 trolls
  2 ice devils (D:11)
  Prince Ribbit (D:6)
  A hornet (D:9)
  2 shadows
  Sigmund (D:6)
  13 yaks
  5 slime creatures
  Eustachio (D:6)
  2 wyverns
  5 vampire mosquitoes (D:12)
  2 steam dragons
  Edmund (D:5)
  2 acid dragons (D:11)
  3 water moccasins
  Duvessa (D:4)
  2 ice beasts
  7 orc warriors
  4 black bears
  A sky beast (D:6)
  5 centaurs
  3 ogres (D:6)
  2 phantoms (D:4)
  3 kobold brigands
  3 gnoll sergeants
  4 bullfrogs
  2 scorpions
  5 wights
  Dowan (D:4)
  An elephant simulacrum (IceCv)
  16 killer bees
  A vampire bat (D:5)
  3 howler monkeys (D:10)
  A bombardier beetle (D:4)
  Crazy Yiuf (D:7)
  2 hounds (D:5)
  2 orc priests (D:10)
  2 jellies
  2 sleepcaps
  2 iguanas (D:5)
  10 orc wizards
  A statue (D:9)
  15 gnolls
  3 adders
  4 shadow imps
  4 white imps
  4 ufetubi
  3 dart slugs
  3 fire bats (D:5)
  3 ribbon worms
  35 orcs
  2 spectral bats (D:5)
  3 bat skeletons (D:5)
  A bat zombie (D:5)
  10 endoplasms
  5 giant cockroaches
  13 goblins
  3 hobgoblins
  3 jackals (D:1)
  3 quokkas
  5 ball pythons
  13 bats
  A bat simulacrum (D:5)
  3 frilled lizards
  16 kobolds
  2 rats
307 creatures vanquished.

Vanquished Creatures (collateral kills)
  A cyclops (D:12)
1 creature vanquished.

Grand Total: 308 creatures vanquished

Notes
Turn   | Place    | Note
-------+----------+-------------------------------------------
     0 | D:1      | snarfax the Troll Berserker began the quest for the Orb.
     0 | D:1      | Reached XP level 1. HP: 22/22 MP: 0/0
   144 | D:1      | Reached XP level 2. HP: 26/26 MP: 1/1
   364 | D:1      | Reached skill level 4 in Unarmed Combat
   527 | D:1      | Reached XP level 3. HP: 33/36 MP: 2/2
   719 | D:2      | Reached ** piety under Trog
   765 | D:2      | Found a faded altar of an unknown god.
   765 | D:2      | Noticed a neqoxec
   835 | D:2      | Identified the +0 ring mail of Sif Muna's Indignation
                  | {-Tele Harm rC+ Dex+3}
   904 | D:2      | Reached XP level 4. HP: 44/44 MP: 3/3
   908 | D:2      | Reached skill level 5 in Unarmed Combat
  1364 | D:3      | Found a snail-covered altar of Cheibriados.
  1374 | D:3      | Found a glowing silver altar of Zin.
  1821 | D:4      | Noticed a phantom
  1829 | D:4      | Killed a phantom
  1830 | D:4      | Reached skill level 6 in Unarmed Combat
  1830 | D:4      | Reached XP level 5. HP: 46/50 MP: 4/4
  1856 | D:4      | Noticed Duvessa
  1857 | D:4      | Noticed Dowan
  1867 | D:4      | Killed Duvessa
  1868 | D:4      | Reached skill level 7 in Unarmed Combat
  1868 | D:4      | Reached XP level 6. HP: 46/59 MP: 5/5
  1875 | D:4      | Killed Dowan
  2255 | D:4      | Reached *** piety under Trog
  2289 | D:4      | Reached skill level 8 in Unarmed Combat
  2367 | D:5      | Entered Level 5 of the Dungeon
  2401 | D:5      | Reached XP level 7. HP: 66/66 MP: 6/6
  2791 | D:5      | Reached skill level 9 in Unarmed Combat
  2869 | D:5      | Reached XP level 8. HP: 26/74 MP: 7/7
  2940 | D:5      | Noticed Edmund
  2950 | D:5      | Killed Edmund
  3238 | D:6      | Noticed Eustachio
  3366 | D:6      | Noticed Prince Ribbit
  3390 | D:6      | Killed Prince Ribbit
  3391 | D:6      | Reached skill level 10 in Unarmed Combat
  3424 | D:6      | Noticed Sigmund
  3428 | D:6      | Killed Sigmund
  3552 | D:6      | Reached XP level 9. HP: 82/84 MP: 8/8
  3582 | D:6      | Found a sacrificial altar of Ru.
  3613 | D:6      | Killed Eustachio
  3614 | D:6      | Reached skill level 11 in Unarmed Combat
  3657 | D:6      | Reached **** piety under Trog
  3728 | D:6      | Reached skill level 5 in Fighting
  3842 | D:6      | Reached skill level 5 in Dodging
  4012 | D:7      | Found a staircase to the Ecumenical Temple.
  4306 | D:7      | Found a shadowy altar of Dithmenos.
  4352 | D:7      | Found a runed translucent door.
  4353 | D:7      | Noticed Crazy Yiuf
  4360 | D:7      | Killed Crazy Yiuf
  4366 | D:7      | Identified the +4 hammer "Juovvown" {protect, ^Fragile
                  | Will++ Dex+7}
  4875 | D:8      | Reached XP level 10. HP: 98/98 MP: 9/9
  4983 | D:8      | Reached ***** piety under Trog
  5005 | D:8      | Noticed Joseph
  5011 | D:8      | Killed Joseph
  5693 | D:9      | Found a blossoming altar of Fedhas.
  5779 | D:9      | Found an ornate altar of the Wu Jian Council.
  5801 | D:9      | Noticed Maggie
  5809 | D:9      | Killed Maggie
  5868 | D:9      | Reached skill level 12 in Unarmed Combat
  5893 | D:9      | Found a radiant altar of Vehumet.
  5968 | D:9      | Found an ancient bone altar of Kikubaaqudgha.
  6019 | D:9      | Received a gift from Trog
  6377 | D:10     | Entered Level 10 of the Dungeon
  6482 | D:10     | Reached XP level 11. HP: 91/107 MP: 10/10
  6678 | D:10     | Found a staircase to the Orcish Mines.
  6683 | D:10     | Found a roughly hewn altar of Beogh.
  6959 | D:10     | Found an iron altar of Okawaru.
  7195 | D:11     | Noticed a centaur warrior
  7205 | D:11     | Killed a centaur warrior
  7511 | D:11     | Noticed a two-headed ogre
  7515 | D:11     | Killed a two-headed ogre
  7550 | D:11     | Found a frozen archway.
  7570 | IceCv    | Entered an ice cave
  7794 | D:11     | Noticed a skeletal warrior
  7794 | D:11     | Noticed a skeletal warrior
  7794 | D:11     | Noticed a two-headed ogre
  7824 | D:11     | Killed a skeletal warrior
  7839 | D:11     | Killed a skeletal warrior
  8045 | D:11     | Found a staircase to the Lair.
  8052 | D:11     | Reached skill level 10 in Dodging
  8052 | D:11     | Reached skill level 13 in Unarmed Combat
  8124 | D:11     | Noticed Gastronok
  8145 | D:11     | Killed Gastronok
  8227 | D:11     | Reached XP level 12. HP: 112/119 MP: 11/11
  8487 | D:11     | Killed a two-headed ogre
  8488 | D:11     | Reached skill level 1 in Throwing
  8702 | D:12     | Noticed a two-headed ogre
  8719 | D:12     | Killed a two-headed ogre
  9411 | D:13     | Noticed Frances
  9411 | D:13     | Noticed a death knight
  9428 | D:13     | Killed from afar by Frances

Illustrated notes

Levels and vault maps discovered:
D:1:      saegor_arrival_simple_e, layout_loops_cross
D:2:      layout_rooms, dreamdust_ecumenical_altar_sealed_demon
D:3:      layout_loops_ring, minitemple
D:4:      layout_cave_pools, minmay_fractal_squares_gapless_5, uniq_duvessa
D:5:      layout_basic, goddamned_bats, uniq_edmund
D:6:      layout_gridville, nicolae_ru_great_annihilating_truth,
          uniq_prince_ribbit1, uniq_sigmund, uniq_eustachio
D:7:      layout_basic, mainiacjoe_overflow_catwalk,
          minmay_temple_entry_butterflies, uniq_crazy_yiuf_cottage
D:8:      layout_loops_cross, uniq_joseph
D:9:      layout_stronghold, mainiacjoe_overflow_six_doors_small,
          mainiacjoe_overflow_cross_hatched, vehumet_statue,
          nicolae_overflow_crystal_walls, uniq_maggie
D:10:     layout_roguey, mainiacjoe_overflow_surrounded_room, david_orc_5,
          chequers_serial_rivers_room_a
D:11:     layout_stronghold, grunt_lair_entry_orc_guard_hut,
          portal_ice_cave_demonic_guard, uniq_gastronok
D:12:     layout_small_grid
D:13:     layout_long_grid, minmay_three_doors, uniq_kirke, uniq_frances

Skill      XL: |  1  2  3  4  5  6  7  8  9 10 11 12 |
---------------+-------------------------------------+-----
Unarmed Combat | 4 6 7 8 9 10 11 12 13 | 13.5
Fighting       | 4 5 6 8 |  8.6
Dodging        | 4 6 8 10 11 | 11.1
Throwing       | 2 |  2.9

Action                     |  1- 3 |  4- 6 |  7- 9 | 10-12 || total
---------------------------+-------+-------+-------+-------++-------
  Melee: Unarmed           |    92 |    93 |   290 |   363 ||   838
         Punch             |     4 |     1 |     7 |    29 ||    41
  Throw: Dart              |       |     1 |     4 |     7 ||    12
         Large rock        |       |       |       |    13 ||    13
 Invoke: Berserk           |       |     2 |     6 |     5 ||    13
         Trog's Hand       |       |       |     1 |     2 ||     3
         Brothers in Arms  |       |       |       |     1 ||     1
  Evoke: Wand              |       |       |       |     4 ||     4
    Use: Scroll            |     1 |     8 |     2 |     8 ||    19
   Stab: Sleeping          |       |     1 |       |     1 ||     2
         Paralysed         |       |       |     1 |       ||     1
 Armour: Animal skin       |    40 |    57 |   191 |    26 ||   314
         Steam dragon scal |       |       |       |   167 ||   167
  Dodge: Dodged            |    27 |    30 |   127 |   126 ||   310
  Block: Other             |    11 |    10 |    54 |    67 ||   142
         Reflection        |     2 |       |     4 |     6 ||    12

Table legend: (Time is in decaauts)
 A = Elapsed time spent in this place.
 B = Non-inter-level travel time spent in this place.
 C = Inter-level travel time spent in this place.
 D = Time resting spent in this place.
 E = Time spent auto-exploring this place.
 F = Levels seen in this place.
 G = Mean time per level.
                   A        B        C        D        E       F      G
               +--------+--------+--------+--------+--------+-----+--------+
         Total |   9402 |   8970 |    432 |    614 |   6249 |  14 |  671.6 |
       Dungeon |   9386 |   8954 |    432 |    614 |   6249 |  13 |  722.0 |
      Ice Cave |     16 |     16 |      0 |      0 |      0 |   1 |   16.0 |
               +--------+--------+--------+--------+--------+-----+--------+

Top non-repeatable levels by time:
    D:11: 1395 daAuts
     D:5: 969 daAuts
     D:9: 903 daAuts
     D:7: 814 daAuts
    D:10: 799 daAuts
    D:12: 727 daAuts
     D:1: 687 daAuts
     D:6: 683 daAuts
     D:3: 640 daAuts
     D:4: 639 daAuts
     D:8: 632 daAuts
     D:2: 400 daAuts
    D:13: 91 daAuts
   IceCv: 16 daAuts
